 Dungeon Crawl Stone Soup version 0.13-a0-2672-g649a1be (webtiles) character file.

85667 JacquesDerrida the Basher (level 14, -2/115 HPs)
             Began as a Demigod Skald on Aug 11, 2013.
             Shot with an arrow of flame by a centaur warrior (19 damage)
             ... on Level 15 of the Dungeon.
             The game lasted 02:25:48 (32426 turns).

JacquesDerrida the Basher (Demigod Skald)          Turns: 32426, Time: 02:25:50

HP  -2/115       AC 25     Str 23      XL: 14   Next: 93%
MP  32/32        EV 15     Int 24      God:
Gold 2163        SH  0     Dex 20      Spells:  8 memorised,  9 levels left

Res.Fire  : . . .   See Invis. : .   z - +5,+11 flail "Thouk" {crush, +Rage +Inv In Res.Cold : . . . Warding : . D - +8 ring mail of Indemnity {Dam+4} Life Prot.: + . . Conserve : . (no shield)
Res.Poison: .       Res.Corr.  : +   N - +0 helmet
Res.Elec. : .       Clarity    : .   V - +2 cloak {darkness}
Sust.Abil.: + +     Spirit.Shd : .   h - +0 pair of dwarf gauntlets {Str+3}
Res.Mut.  : .       Stasis     : .   w - +2 pair of boots
Res.Rott. : .       Flight     : .   n - amulet of resist corrosion {unknown}
Saprovore : . . .                    c - ring of sustain abilities {unknown}
                                     M - ring "Graleg" {SustAb rN+ Str+2 Int+3 Acc+

@: somewhat resistant to hostile enchantments, very unstealthy
A: no striking features
a: Evoke Berserk Rage, Evoke Invisibility


You were on level 15 of the Dungeon.
You were not hungry.

You visited 4 branches of the dungeon, and saw 28 of its levels.
You also visited: Labyrinth.

You collected 2400 gold pieces.
You spent 257 gold pieces at shops.

Inventory:

Hand weapons
 z - the +5,+11 flail "Thouk" (weapon) {crush, +Rage +Inv Int+2}
   (You found it on level 11 of the Dungeon)

   It inflicts extra damage upon your enemies.
   It affects your intelligence (+2).
   It lets you turn invisible.
   It lets you go berserk.
 Q - a +5 blowgun
Missiles
 O - 8 curare-tipped needles
Armour
 h - a +0 pair of dwarven gauntlets of strength (worn)
 w - a +2 pair of boots (worn)
 D - the +8 ring mail of Indemnity (worn) {Dam+4}
   (You found it on level 5 of the Dungeon)

   It affects your damage-dealing abilities (+4).
 N - a +0 helmet (worn)
 V - a +2 cloak of darkness (worn)
Magical devices
 e - a wand of disintegration (7)
 r - a wand of teleportation (1)
 s - a wand of disintegration (7)
 I - a wand of teleportation (8)
 P - a wand of cold (1)
 U - a wand of digging (8)
Comestibles
 d - 6 bread rations
 m - a meat ration
Scrolls
 a - 3 scrolls of remove curse
 o - a scroll of magic mapping
 H - 2 scrolls of teleportation
Jewellery
 c - a ring of sustain abilities (right hand) {unknown}
 k - an uncursed amulet of clarity
 l - an uncursed ring of teleport control
 n - an amulet of resist corrosion (around neck) {unknown}
 v - an uncursed amulet of resist mutation {unknown}
 x - an uncursed ring of regeneration
 M - the ring "Graleg" (left hand) {SustAb rN+ Str+2 Int+3 Acc+3}
   (You found it in a labyrinth)

   [ring of sustain abilities]

   It affects your strength (+2).
   It affects your intelligence (+3).
   It affects your accuracy (+3).
   It protects you from negative energy.
Potions
 b - a potion of restore abilities
 g - 2 potions of heal wounds
 i - a potion of magic
 E - 6 potions of curing
 Y - a potion of brilliance
Books
 j - a book of Wizardry

   Spells                             Type                      Level
   Summon Elemental                   Summoning                    4
   Agony                              Necromancy                   5
   Force Lance                        Conjuration                  5
   Fireball                           Conjuration/Fire             5
   *Haste                             Charms                       6
   Invisibility                       Hexes                        6
Magical staves
 f - an uncursed staff of fire {unknown}
Miscellaneous
 K - a fan of gales
Rods
 y - a +4 rod of frigid destruction (10/10)
   (You found it in a labyrinth)
 B - a +5 rod of warding (12/12)
   (You found it in a labyrinth)
 C - a +6 rod of demonology (10/10)
   (You found it in a labyrinth)


   Skills:
 - Level 10.7 Fighting
 - Level 14.0 Maces & Flails
 - Level 3.2 Throwing
 - Level 10.0 Armour
 + Level 6.2 Dodging
 - Level 9.0 Spellcasting
 + Level 10.3 Charms
 - Level 1.0 Translocations
 - Level 1.1 Fire Magic
 - Level 3.2 Evocations


You had 9 spell levels left.
You knew the following spells:

 Your Spells              Type           Power        Failure   Level  Hunger
a - Infusion              Chrm           ######       1%          1    None
b - Shroud of Golubria    Chrm/Tloc      #####.....   1%          2    None
c - Spectral Weapon       Hex/Chrm       #####...     2%          3    None
d - Repel Missiles        Chrm/Air       #####.....   1%          2    None
e - Blink                 Tloc           N/A          8%          2    None
f - Conjure Flame         Conj/Fire      ##......     17%         3    None
g - Regeneration          Chrm/Necr      #####.....   2%          3    None
h - Haste                 Chrm           ######..     14%         6    ######.


Dungeon Overview and Level Annotations

Branches:
Dungeon (15/27)            Temple (1/1) D:4             Orc (4/4) D:7
    Elf (0/3) Orc:4          Lair (8/8) D:12          Swamp (0/5) Lair:5
 Spider (0/5) Lair:6        Slime (0/6) Lair:8
 Vaults: D:15-20

Shops:
D:6: ( D:7: ( D:12: / Orc:4: [(((

Portals:
Ziggurat: D:8 (5930 gp)
Trove: D:11 (give 19 scrolls of identify)

Annotations
D:2 Sigmund
D:3 holy LS
D:14 Azrael


Message History

Your spectral weapon shares its damage with you!
* * * LOW HITPOINT WARNING * * *
Your spectral weapon fades away.
There is a stone staircase leading down here.
Your repel missiles spell is about to expire...
You feel less protected from missiles.
The centaur warrior shouts!
The centaur warrior shoots an arrow of flame.
The arrow of flame hits you!
* * * LOW HITPOINT WARNING * * *
You see here an arrow of flame.
The centaur warrior shoots an arrow of flame.
The arrow of flame misses you.
The centaur warrior shoots an arrow of flame.
The arrow of flame hits you!
One of your 3 scrolls of teleportation catches fire!
* * * LOW HITPOINT WARNING * * *
The centaur warrior shoots an arrow of flame.
The arrow of flame hits you!
You die...

####.(##.......###... ........
...#.(#......#####..... . ......
.)..........O# ##........Y...#...
#.###).......###c...............<
...###.........#...............##
..####.......O.................#
#...##......>..O...............
.....#.........................
#....##....##.##@.<...........
##...##..## ###...##.......?#
##....#(.## ##.##.........#
.#........# #.(........%..##
.......#..######......?......#
.....###......##...........###
......##...##..#.........#...#
......#.......)..........#......
#...............#...........###..


You could see a centaur warrior and 3 two-headed ogres.

Vanquished Creatures
  Saint Roka (Orc:4)
  Aizul (D:15)
  A minotaur (Lab)
  Fannar (Lair:5)
  An ice dragon (Lair:6)
  An ogre mage (D:15)
  3 hydras
  Harold (D:12)
  Nessos (D:11)
  2 death yaks
  The ghost of JacquesDerrida the Basher, an experienced DgSk (D:11)
  4 centaur warriors
  Erolcha (D:9)
  5 skeletal warriors
  An unseen horror (D:13)
  The ghost of 5ubbak the Shield-Bearer, an experienced DjFi of Nemelex Xobeh (D:9)
  8 hill giants
  3 orc knights (Orc:2)
  2 cyclopes
  3 griffons
  An orc sorcerer (Orc:4)
  Maurice (Orc:2)
  A feature mimic (Lair:5)
  11 elephants
  3 black mambas
  16 spiny frogs
  2 fire drakes
  A giant firefly (shapeshifter) (D:15)
  3 polar bears
  9 blink frogs
  Sonja (D:10)
  10 spriggans
  2 giant fireflies (Lair:8)
  5 komodo dragons
  A boulder beetle (shapeshifter) (D:15)
  9 trolls
  A giant leech (Lair:5)
  Prince Ribbit (D:6)
  14 slime creatures
  2 two-headed ogres
  8 basilisks
  A boulder beetle (Lair:6)
  3 grizzly bears (Lair:8)
  8 ugly things
  A water elemental (D:14)
  2 hill giant zombies (D:14)
  4 hungry ghosts
  3 elephant slugs
  29 yaks
  4 vampire mosquitoes
  A wyvern (D:14)
  3 hippogriffs
  A steam dragon (Lair:6)
  3 fire elementals (D:14)
  2 swamp worms (Lair:5)
  Edmund (D:4)
  3 manticores
  Menkaure (D:4)
  23 wolves
  34 orc warriors
  10 porcupines
  A mottled dragon (D:11)
  2 soldier ants
  5 black bears
  6 sky beasts
  9 ice beasts
  A black bear (shapeshifter) (D:14)
  7 ogres
  A giant goldfish (D:14)
  5 phantoms
  8 wargs
  5 crocodiles
  A boring beetle (Lair:6)
  Duvessa (D:4)
  16 centaurs
  8 giant slugs
  A big kobold (D:15)
  A brain worm (D:13)
  2 gnoll sergeants
  13 water moccasins
  A komodo dragon skeleton (D:15)
  A manticore skeleton (D:11)
  8 agate snails
  2 cyclops skeletons (D:14)
  18 giant frogs
  A troll zombie (D:15)
  A jellyfish (D:14)
  2 electric eels (D:14)
  8 wights
  14 killer bees
  A yak skeleton (D:10)
  A yaktaur simulacrum (D:14)
  A centaur zombie (D:9)
  Dowan (D:4)
  10 crimson imps
  3 goliath beetles
  2 gnoll shamans (D:8)
  28 orc priests
  Crazy Yiuf (D:7)
  3 quasits
  5 hounds
  8 spiders (Lair:6)
  29 orc wizards
  10 iguanas
  7 scorpions
  A cyclops simulacrum (D:14)
  10 worker ants
  12 sheep
  2 killer bee zombies (D:12)
  Ijyb (D:4)
  5 jellies
  A mummy (D:14)
  22 gnolls
  A worker ant zombie (D:5)
  27 adders
  36 green rats
  4 giant centipedes
  A big kobold simulacrum (D:14)
  2 worm zombies
  6 giant mites
  An inept feature mimic (D:2)
  2 white imps (D:14)
  11 worms
  An ufetubus (D:14)
  A giant eyeball (D:4)
  4 oozes
  214 orcs
  27 bats
  A bat zombie (D:4)
  3 giant cockroaches
  16 goblins
  24 hobgoblins
  30 jackals
  7 giant geckos
  12 giant newts
  A hobgoblin zombie (D:4)
  A jackal zombie (D:5)
  21 kobolds
  An orc skeleton (D:5)
  11 quokkas
  28 rats
  A rat zombie (D:4)
  11 ballistomycetes (D:3)
  A plant (Lair:7)
1101 creatures vanquished.

Vanquished Creatures (collateral kills)
  An ugly thing (D:13)
1 creature vanquished.

Vanquished Creatures (others)
  An air elemental (D:13)
  A slime creature (D:14)
  A hippogriff (Lair:8)
  34 spectral weapons
  An orc wizard (D:7)
  A sheep (Lair:5)
  An orc (D:7)
  2 giant spores (D:3)
  9 fungi
  A plant (Lair:8)
52 creatures vanquished.

Grand Total: 1154 creatures vanquished

Notes
Turn   | Place    | Note
--------------------------------------------------------------
     0 | D:1      | JacquesDerrida, the Demigod Skald, began the quest for the Orb.
     0 | D:1      | Reached XP level 1. HP: 16/16 MP: 5/5
   225 | D:1      | Reached XP level 2. HP: 23/23 MP: 6/6
   625 | D:1      | Reached skill level 3 in Maces & Flails
   893 | D:2      | Noticed Sigmund
   899 | D:2      | Learned a level 2 spell: Shroud of Golubria
   927 | D:2      | Reached XP level 3. HP: 10/28 MP: 1/9
  1498 | D:2      | Reached skill level 4 in Maces & Flails
  2128 | D:2      | Found a blossoming altar of Fedhas.
  2128 | D:2      | Found a sparkling altar of Nemelex Xobeh.
  2204 | D:3      | Reached XP level 4. HP: 33/35 MP: 7/11
  2217 | D:3      | Learned a level 3 spell: Spectral Weapon
  3079 | D:3      | Found a sparkling altar of Nemelex Xobeh.
  3145 | D:3      | Found a glowing silver altar of Zin.
  3145 | D:3      | Noticed an angel
  3233 | D:4      | Noticed Edmund
  3278 | D:4      | Killed Edmund
  3278 | D:4      | Reached skill level 5 in Maces & Flails
  3278 | D:4      | Reached XP level 5. HP: 9/41 MP: 7/13
  3639 | D:4      | Noticed Menkaure
  4027 | D:3      | Reached XP level 6. HP: 48/48 MP: 15/15
  4201 | D:4      | Noticed Ijyb
  4209 | D:4      | Killed Ijyb
  4771 | D:4      | Killed Menkaure
  4771 | D:4      | Reached skill level 6 in Maces & Flails
  4772 | D:4      | Found a staircase to the Ecumenical Temple.
  5063 | D:4      | Reached XP level 7. HP: 47/53 MP: 16/18
  5187 | Temple   | Entered the Ecumenical Temple
  5495 | D:4      | Noticed Duvessa
  5496 | D:4      | Noticed Dowan
  5516 | D:4      | Killed Duvessa
  5641 | D:4      | Killed Dowan
  5761 | D:4      | Reached skill level 7 in Maces & Flails
  6106 | D:5      | Entered Level 5 of the Dungeon
  6306 | D:5      | Found a glowing golden altar of the Shining One.
  6320 | D:5      | Got an encrusted ring mail
  6322 | D:5      | Identified the +8 ring mail of Indemnity {Dam+4} (You found it on level 5 of the Dungeon)
  6323 | D:5      | JacquesDerrida: Oh boy
  6383 | D:5      | Reached skill level 1 in Armour
  6718 | D:5      | Found a snail-covered altar of Cheibriados.
  7015 | D:6      | Reached skill level 8 in Maces & Flails
  7015 | D:6      | Reached XP level 8. HP: 58/60 MP: 12/18
  7872 | D:6      | Identified a -2 rod of frigid destruction (12/12) (You found it on level 6 of the Dungeon)
  7970 | D:6      | Noticed Prince Ribbit
  8001 | D:6      | Killed Prince Ribbit
  8001 | D:6      | Reached skill level 9 in Maces & Flails
  8080 | D:6      | Found Taekayg's Weapon Boutique.
  8089 | D:6      | JacquesDerrida: A reason to switch to bows D: D: D:
  8278 | D:7      | Reached XP level 9. HP: 65/68 MP: 13/20
  8304 | D:7      | stonewall: А ты не в курсе, все эти новые штуки-дрюки скальда на монаха работают?
  8315 | D:7      | JacquesDerrida: Какие
  8315 | D:7      | JacquesDerrida: Инфуз да
  8315 | D:7      | JacquesDerrida: Все работает
  8315 | D:7      | stonewall: Песенки
  8315 | D:7      | JacquesDerrida: Кроме спектрального оружия
  8315 | D:7      | stonewall: Здорово
  8315 | D:7      | JacquesDerrida: Очень сильные!
  8315 | D:7      | JacquesDerrida: Особенно оружие
  8363 | D:7      | JacquesDerrida: Но с ним приходится хп-пул делить
  8434 | D:7      | Found Ulaubeun's Antique Weapon Boutique.
  8442 | D:7      | Got a dazzling plate armour
  8443 | D:7      | Identified the +9 plate armour of Makhleb's Supremacy {rPois} (You found it on level 7 of the Dungeon)
  8444 | D:7      | JacquesDerrida: Чет совсем везет
  8454 | D:7      | JacquesDerrida: Вау
  8454 | D:7      | JacquesDerrida: И правда везет!
  8457 | D:7      | Learned a level 2 spell: Repel Missiles
  8468 | D:7      | JacquesDerrida: Еще и зуб!
  8534 | D:7      | Noticed a hill giant
  8771 | D:6      | Reached skill level 10 in Maces & Flails
  8945 | D:6      | Learned a level 2 spell: Blink
  9052 | D:7      | Reached skill level 1 in Translocations
  9204 | D:7      | Found a staircase to the Orcish Mines.
  9827 | D:7      | Noticed Crazy Yiuf
  9843 | D:7      | Killed Crazy Yiuf
 10049 | D:8      | Reached skill level 1 in Dodging
 10178 | D:8      | Found a gateway to a ziggurat.
 10179 | D:8      | Noticed an angel
 10180 | D:8      | Got a crystal quarterstaff
 10181 | D:8      | Identified the +5,+9 quarterstaff of War {crush, +Blink Curse} (You found it on level 8 of the Dungeon)
 10626 | D:8      | Learned a level 3 spell: Conjure Flame
 10708 | D:9      | Noticed 5ubbak's ghost (experienced DjFi)
 10710 | D:9      | Reached skill level 1 in Fire Magic
 10731 | D:9      | Killed 5ubbak's ghost
 10731 | D:9      | Reached XP level 10. HP: 58/74 MP: 14/24
 10829 | D:9      | Noticed Erolcha
 10934 | D:9      | Reached skill level 5 in Charms
 10955 | D:10     | Entered Level 10 of the Dungeon
 11149 | D:9      | Reached skill level 11 in Maces & Flails
 11385 | D:10     | Found a sparkling altar of Nemelex Xobeh.
 11437 | D:10     | Noticed Sonja
 11790 | D:10     | Noticed a hill giant
 11816 | D:10     | Killed a hill giant
 11937 | D:10     | Killed Sonja
 12256 | D:11     | Noticed Nessos
 12276 | D:10     | Noticed a hill giant
 12312 | D:10     | Killed a hill giant
 12312 | D:10     | Reached skill level 1 in Throwing
 12372 | D:11     | Noticed JacquesDerrida's ghost (experienced DgSk)
 12399 | D:11     | Killed JacquesDerrida's ghost
 12545 | D:11     | Got a polished flail
 12546 | D:11     | Identified the +5,+11 flail "Thouk" {crush, +Rage +Inv Int+2} (You found it on level 11 of the Dungeon)
 12620 | D:11     | Found a portal to a secret trove of treasure.
 12713 | D:11     | Killed Nessos
 12713 | D:11     | Reached XP level 11. HP: 58/81 MP: 17/25
 13404 | D:11     | Reached skill level 12 in Maces & Flails
 13681 | D:12     | Found Azaifony's Magical Wand Emporium.
 13776 | D:11     | Paralysed by a potion of paralysis for 2 turns
 13833 | D:12     | Reached skill level 5 in Fighting
 13846 | D:12     | Noticed Harold
 13861 | D:12     | Killed Harold
 14052 | D:12     | Noticed a five-headed hydra
 14063 | D:12     | Killed a five-headed hydra
 14063 | D:12     | Reached skill level 13 in Maces & Flails
 14065 | D:12     | Noticed a death yak
 14079 | D:12     | Killed a death yak
 14151 | D:12     | Found a staircase to the Lair.
 14329 | Lair:1   | Entered Level 1 of the Lair of Beasts
 15122 | Lair:1   | JacquesDerrida: Дотабался!
 15189 | Lair:1   | Reached skill level 14 in Maces & Flails
 15992 | Lair:2   | Reached XP level 12. HP: 91/91 MP: 20/27
 16521 | Lair:3   | Found a labyrinth entrance.
 16532 | Lab      | Entered a labyrinth
 16830 | Lab      | Noticed a minotaur
 16841 | Lab      | Killed a minotaur
 16841 | Lab      | Reached skill level 5 in Armour
 16852 | Lab      | Got a polished great sword
 16852 | Lab      | Got a twisted long sword
 16854 | Lab      | Identified a cursed +4 rod of frigid destruction (10/10) (You found it in a labyrinth)
 16856 | Lab      | Identified a +6 rod of demonology (10/10) (You found it in a labyrinth)
 16857 | Lab      | Identified a +5 rod of warding (12/12) (You found it in a labyrinth)
 16893 | Lab      | Got a vibrating turquoise ring
 16896 | Lab      | Identified the ring "Graleg" {SustAb rN+ Str+2 Int+3 Acc+3} (You found it in a labyrinth)
 16910 | Lab      | Identified the cursed great sword of Defilement {drain, rF+ MR++ Curse} (You found it in a labyrinth)
 17456 | Lair:3   | Reached skill level 5 in Spellcasting
 19005 | Lair:5   | Noticed Fannar
 19024 | Lair:5   | Killed Fannar
 19297 | Lair:5   | Found a staircase to the Swamp.
 19328 | Lair:5   | Found a hole to the Spider Nest.
 19353 | Lair:5   | the hole to the Spider Nest was a mimic.
 19983 | Lair:6   | Found a hole to the Spider Nest.
 20232 | Lair:6   | Found a frozen archway.
 20233 | Lair:6   | Noticed an ice dragon
 20255 | Lair:6   | Killed an ice dragon
 20473 | Lair:7   | Noticed a four-headed hydra
 20981 | Lair:7   | Reached XP level 13. HP: 104/104 MP: 29/29
 21032 | Lair:7   | Killed a four-headed hydra
 21637 | Lair:8   | Entered Level 8 of the Lair of Beasts
 21807 | Lair:8   | Reached skill level 1 in Evocations
 22200 | Lair:8   | Found a viscous altar of Jiyva.
 22201 | Lair:8   | Found a staircase to the Slime Pits.
 22536 | Lair:8   | Reached skill level 10 in Armour
 23105 | D:12     | Reached skill level 10 in Fighting
 24021 | D:9      | Paralysed by Erolcha for 5 turns
 24028 | D:9      | Killed Erolcha
 24466 | Orc:1    | Entered Level 1 of the Orcish Mines
 25049 | Orc:2    | Noticed Maurice
 25070 | Orc:2    | Killed Maurice
 25070 | Orc:2    | Reached XP level 14. HP: 108/115 MP: 26/31
 25756 | Orc:2    | Found a roughly hewn altar of Beogh.
 26316 | Orc:4    | Entered Level 4 of the Orcish Mines
 26653 | Orc:4    | Found a roughly hewn altar of Beogh.
 26729 | Orc:4    | Found a roughly hewn altar of Beogh.
 26770 | Orc:4    | Found a staircase to the Elven Halls.
 26783 | Orc:4    | Found a roughly hewn altar of Beogh.
 27143 | Orc:4    | Noticed Saint Roka
 27398 | Orc:4    | Killed Saint Roka
 27630 | Orc:4    | Found a roughly hewn altar of Beogh.
 27649 | Orc:4    | Found Preon's Antique Weapon Emporium.
 27841 | Orc:4    | Found Chunac's Antique Armour Emporium.
 27841 | Orc:4    | Found a roughly hewn altar of Beogh.
 27871 | Orc:4    | Found Ghuon's Antique Weapon Shoppe.
 27877 | Orc:4    | Bought a pair of glowing dwarven gauntlets for 40 gold pieces
 27893 | Orc:4    | Bought a runed large shield for 217 gold pieces
 27988 | Orc:4    | Found a roughly hewn altar of Beogh.
 27988 | Orc:4    | Found Pnedd's Antique Weapon Shoppe.
 28511 | D:14     | Entered Level 14 of the Dungeon
 29548 | Lair:1   | Learned a level 3 spell: Regeneration
 29555 | Lair:1   | Learned a level 6 spell: Haste
 30512 | D:15     | Entered Level 15 of the Dungeon
 30625 | D:15     | Noticed Azrael
 30903 | D:15     | Noticed Aizul
 31696 | D:15     | Killed Aizul
 31696 | D:15     | Reached skill level 5 in Dodging
 32045 | D:15     | Reached skill level 10 in Charms
 32358 | D:15     | Found a shattered altar of Ashenzari.
 32426 | D:15     | Shot with an arrow of flame by a centaur warrior

Action                   |  1- 3 |  4- 6 |  7- 9 | 10-12 | 13-15 || total
-------------------------+-------+-------+-------+-------+-------++-------
Melee: Mace              |   148 |    63 |   476 |   167 |       ||   854
       Dire flail        |       |   157 |    12 |       |       ||   169
       Rod               |       |       |     1 |     1 |     1 ||     3
       Flail             |       |       |       |   632 |  1131 ||  1763
 Fire: Blowgun           |       |       |       |     5 |       ||     5
 Cast: Infusion          |     5 |    11 |    39 |    40 |    65 ||   160
       Shroud of Golubri |     1 |     3 |       |       |       ||     4
       Spectral Weapon   |       |    13 |    37 |    49 |    51 ||   150
       Repel Missiles    |       |       |     2 |    11 |    16 ||    29
       Blink             |       |       |       |     1 |       ||     1
       Conjure Flame     |       |       |       |       |     2 ||     2
       Regeneration      |       |       |       |       |     5 ||     5
       Haste             |       |       |       |       |     1 ||     1
 Abil: Evoke Teleport Co |       |       |       |       |     1 ||     1
Evoke: Wand              |       |       |     3 |     8 |    22 ||    33
       Rod               |       |       |     6 |     6 |     2 ||    14
       Miscellaneous     |       |       |       |       |     1 ||     1
  Use: Potion            |       |     3 |     1 |    11 |     8 ||    23
       Scroll            |       |     6 |    12 |    18 |     8 ||    44
 Stab: Distracted        |       |       |     3 |     4 |     5 ||    12
       Paralysed         |       |       |     2 |       |       ||     2
       Invisible         |       |       |       |       |     3 ||     3
